Map: Ulrena

Players

LilDicky - Winner!

  • Race: Terran Terran
  • League: Diamond

Pace

  • Race: Protoss Protoss
  • League: Gold

VOD

http://www.twitch.tv/tumescentpie

Description

Time

  • Played on: Jan. 3, 2016, 6:05 p.m.
  • Length: 6:22
Show
View Real Time Build Order
Export as new Build Order

LilDicky Terran - Winner!

Build Orders: MMM Bio 

Get SALT Encoding   

  12  0:02  SCV  
  13  0:14  SCV  
  13  0:18  Supply Depot  
  14  0:26  SCV  
  15  0:30  Refinery  
  15  0:43  SCV  
  15  0:47  Barracks  
  16  0:55  SCV  
  17  1:07  SCV  
  18  1:19  SCV  
  19  1:34  Marine, Orbital Command  
  19  1:36  Factory  
  20  1:40  Supply Depot  
  20  1:52  Marine  
  21  1:59  SCV  
  22  2:05  Barracks  
  22  2:10  Barracks  
  22  2:19  Barracks Reactor  
  22  2:21  SCV  
  23  2:30  Bunker  
  23  2:31  Refinery  
  23  2:33  SCV  
  23  2:45  SCV  
  24  2:55  Barracks Tech Lab  
  24  2:57  SCV, Marine x2  
  28  3:02  Barracks Tech Lab  
  27  3:07  Widow Mine  
  27  3:09  SCV  
  30  3:13  Stimpack  
  30  3:14  Marine  
  31  3:20  Supply Depot  
  31  3:22  Combat Shields  
  31  3:31  Marine  
  31  3:37  Marine  
  31  3:42  Marine x2  
  33  3:52  Marine  
  33  3:54  SCV  
  35  3:56  Marauder  
  35  4:00  Supply Depot, Marauder  
  35  4:02  Marine  
  38  4:07  Starport  
  38  4:09  Marine  
  39  4:17  Supply Depot  
  39  4:19  SCV  
  39  4:21  Marauder  
  42  4:28  Marauder  
  42  4:30  Marine  
  42  4:31  SCV  
  46  4:33  Marine  
  47  4:44  Marauder  
  49  4:46  Medivac  
  51  4:55  SCV  
  52  5:04  Marine, Marauder  
  52  5:05  Marauder  
  57  5:16  Medivac  
  57  5:19  Marine  
  55  5:54  Marauder x2, Marine x2  
  63  6:02  SCV  
  66  6:05  Supply Depot  
Show
View Real Time Build Order
Export as new Build Order

Pace Protoss 

Build Orders:  

Get SALT Encoding   

  12  0:02  Probe (Chrono Boost)  
  13  0:12  Probe (Chrono Boost)  
  14  0:20  Pylon  
  14  0:23  Probe (Chrono Boost)  
  15  0:38  Gateway  
  15  0:40  Probe (Chrono Boost)  
  16  0:50  Probe (Chrono Boost)  
  16  0:52  Pylon  
  17  1:00  Assimilator  
  17  1:01  Probe (Chrono Boost)  
  18  1:05  Assimilator  
  19  1:11  Probe (Chrono Boost)  
  19  1:22  Probe (Chrono Boost)  
  20  1:32  Probe (Chrono Boost)  
  23  1:45  Nexus  
  21  1:58  Cybernetics Core  
  21  2:01  Probe (Chrono Boost)  
  22  2:07  Zealot (Chrono Boost)  
  24  2:11  Probe (Chrono Boost)  
  25  2:22  Probe (Chrono Boost)  
  26  2:35  Mothership Core (Chrono Boost)  
  28  2:38  Warp Gate (Chrono Boost)  
  28  2:39  Stalker (Chrono Boost)  
  30  2:49  Robotics Facility  
  30  2:56  Probe  
  31  2:58  Pylon  
  31  3:02  Pylon  
  31  3:04  Probe  
  34  3:13  Sentry (Chrono Boost)  
  34  3:16  Probe  
  34  3:17  Probe  
  36  3:28  Gateway  
  36  3:34  Gateway  
  36  3:36  Observer (Chrono Boost)  
  37  3:48  Forge  
  36  3:55  Observer (Chrono Boost)  
  37  4:07  Assimilator  
  37  4:10  Assimilator  
  37  4:12  Probe  
  37  4:13  Probe  
  39  4:28  Immortal (Chrono Boost)  
  43  4:35  Probe  
  43  4:36  Probe  
  45  4:53  Probe  
  45  4:54  Probe  
  47  5:06  Stalker x2  
  47  5:07  Zealot  
  53  5:08  Probe x2 (Chrono Boost)  
  55  5:18  Photon Cannon  
  55  5:21  Observer  
  55  5:28  Probe x2 (Chrono Boost)  
  58  5:30  Zealot  
  58  5:34  Zealot  
  54  5:50  Mothership Core (Chrono Boost), Stalker, Pylon  
  56  6:01  Robotics Bay  
  56  6:03  Pylon  
  54  6:16  Stalker  
  54  6:17  Stalker  
Tags
 
Add a new tag
Caveats
  • Supply blocks, unpowered buildings, or Contaminate may cause inaccurate times.
  • Supply counts are checked every 10 seconds.